 Dungeon Sprint DCSS version 0.29-a0-925-g0a7a3d12f8 (webtiles) character file.

Game seed: 7686574856373075610

3919 Hipnos the Carver (level 10, 0/87 HPs)
             Began as a Gnoll Chaos Knight on July 29, 2022.
             Was a Plaything of Xom.
             Slain by a deep troll (10 damage)
             ... in the Dungeon (Sprint II: "The Violet Keep of Menkaure").
             The game lasted 00:12:55 (2010 turns).

Hipnos the Carver (Gnoll Chaos Knight)              Turns: 2010, Time: 00:12:55

Health: 0/87       AC:  8    Str: 11    XL:     10   Next: 20%
Magic:  7/23       EV: 15    Int: 16    God:    Xom [....*.]
Gold:   485        SH:  0    Dex: 12    Spells: 4/27 levels left

rFire   . . .      SeeInvis .   e - +4 great sword
rCold   . . .      Faith    .   (shield currently unavailable)
rNeg    . . .      Spirit   .   b - +2 leather armour
rPois   .          Reflect  .   (no helmet)
rElec   .          Harm     .   t - +0 cloak
rCorr   .          Rampage  .   (no gloves)
Will    .....      NoTele   +   (no boots)
Stlth   ++........              (no amulet)
HPRegen 0.24/turn               (no ring)
MPRegen 0.18/turn               (no ring)

@: very slightly contaminated, unable to read, very slow
A: fangs 1, strong nose, distributed training, talons 1, iridescent scales 1,
deformed body, inability to read while threatened 1
a: Renounce Religion


You were in the Dungeon.
You worshipped Xom.
You were a beloved toy of Xom.
You visited 1 branch You collected 1233 gold pieces.
You spent 748 gold pieces at shops.

Inventory:

Hand Weapons
 a - a +0 falchion of chaos
 e - a +4 great sword (weapon)
Armour
 b - a +2 leather armour (worn)
 t - a +0 cloak (worn)
Jewellery
 p - a +6 ring of dexterity
Scrolls
 j - 7 scrolls of identify {unknown}
 k - a scroll of enchant weapon {unknown}
 n - a scroll of torment {unknown}
 o - a scroll of enchant armour {unknown}
 r - a scroll of vulnerability {unknown}
Potions
 d - a potion of curing
 f - 2 potions of haste
 g - 6 potions of magic
 h - 2 potions of might {unknown}
 l - a potion of brilliance {unknown}
 m - 4 potions of resistance {unknown}
 q - a potion of invisibility {unknown}
 s - 3 potions of flight {unknown}
Miscellaneous
 c - a piece from Xom's chessboard (15/15) (quivered)


   Skills:
 + Level 11.1 Fighting
 + Level 9.0 Short Blades
 + Level 11.1 Long Blades
 + Level 9.0 Axes
 + Level 9.0 Maces & Flails
 + Level 9.0 Polearms
 + Level 9.0 Staves
 + Level 9.0 Ranged Weapons
 + Level 9.0 Throwing
 + Level 10.1 Armour
 + Level 9.3 Dodging
 + Level 9.0 Stealth
 + Level 9.0 Shields
 + Level 9.0 Unarmed Combat
 + Level 9.0 Spellcasting
 + Level 7.4 Conjurations
 + Level 7.4 Hexes
 + Level 7.4 Summonings
 + Level 7.4 Necromancy
 + Level 7.4 Translocations
 + Level 7.4 Transmutations
 + Level 7.4 Fire Magic
 + Level 7.4 Ice Magic
 + Level 7.4 Air Magic
 + Level 7.4 Earth Magic
 + Level 7.4 Poison Magic
 + Level 9.8 Invocations
 + Level 9.0 Evocations


You had 4 spell levels left.
You knew the following spells:

 Your Spells              Type           Power      Damage    Failure   Level
a - Frozen Ramparts       Ice            62%        1d8       1%          3
b - Ignite Poison         Fire/Tmut/Pois 31%        N/A       1%          3
c - Mephitic Cloud        Conj/Pois/Air  31%        N/A       1%          3
d - Stone Arrow           Conj/Erth      62%        3d10      1%          3
e - Passwall              Tmut/Erth      25%        N/A       1%          2
f - Hailstorm             Conj/Ice       31%        3d8       6%          4
g - Freezing Cloud        Conj/Ice/Air   15%        6-21      16%         5

Your spell library contained the following spells:

 Spells                   Type           Power      Damage    Failure   Level
 Freeze                   Ice            100%       1d11      1%          1
 Sandblast                Erth           62%        2d14      1%          1
 Call Canine Familiar     Summ           31%        N/A       1%          3
 Portal Projectile        Hex/Tloc       62%        N/A       1%          3
 Leda's Liquefaction      Hex/Erth       15%        N/A       6%          4


Dungeon Overview and Level Annotations

Branches:
Dungeon (1/1)

Altars:
Cheibriados
Dithmenos
Elyvilon
Fedhas
Gozag
Hepliaklqana
Kikubaaqudgha
Makhleb
Nemelex Xobeh
Okawaru
Qazlal
Ru
Sif Muna
Trog
Uskayaw
Vehumet
Wu Jian
Xom
Yredelemnul
Zin
The Shining One
Jiyva
Lugonu

Shops:
D (=:(==!?!*[?[=:

Annotations:
D exclusion: oklob plant


Innate Abilities, Weirdness & Mutations

You have very sharp teeth.
Your uncanny sense of smell can sniff out nearby items.
Your experience applies equally to all skills.
You have sharp toenails.
You are partially covered in iridescent scales. (AC +2)
Armour fits poorly on your strangely shaped body.
You occasionally lose the ability to read scrolls when taking damage.


Message History

You miscast Stone Arrow.
Nothing appears to happen.
The wall freezes the elephant.
The elephant tramples you but does no damage.
The elephant trunk-slaps you but does no damage.
You feel better. "Serve the mortal, my child!"
The wall freezes the elephant.
You kill the elephant!
The deep troll returns to its original shape as it dies.
The troll leather armour is intact enough to wear.
The wall freezes the deep troll.
Your Fighting skill increases to level 11!
Your Short Blades skill increases to level 9!
Your Long Blades skill increases to level 11!
Your Axes skill increases to level 9!
Your Maces & Flails skill increases to level 9!
Your Polearms skill increases to level 9!
Your Staves skill increases to level 9!
Your Ranged Weapons skill increases to level 9!
Your Throwing skill increases to level 9!
Your Armour skill increases to level 10!
Your Stealth skill increases to level 9!
Your Shields skill increases to level 9!
Your Unarmed Combat skill increases to level 9!
Your Spellcasting skill increases to level 9!
Your Evocations skill increases to level 9!
Your unstable footing causes you to fumble your attack.
The wall freezes the deep troll.
The deep troll bites you.
* * * LOW HITPOINT WARNING * * *
The deep troll claws you!
* * * LOW HITPOINT WARNING * * *
The deep troll claws you.
* * * LOW HITPOINT WARNING * * *
You cannot read scrolls in your current state!
You feel better.
The frozen ramparts melt away.
The deep troll bites you but does no damage.
The deep troll claws you but does no damage.
The deep troll claws you!
You die...
Xom snickers!

#...##▓▓▓▓▓▓▓'▓▓▓▓+▓
≈≈≈≈≈÷≈÷≈≈§≈≈...≈≈≈▓∆∆∆∆
≈#'########§###.≈≈≈▓∆ ∆
≈#.._.....#§§≈##≈≈≈▓∆∆∆∆
≈#._._....#§≈≈≈####▓▓
≈#_._._...#≈§§§≈##$$#∆∆
§#._._._..#§§§§≈≈#$.#∆
§#_._._._.#§§§§5≈T§$+∆∆
§#._._._._#≈≈§§≈@#§ ∆
≈#_ _._._.#≈§§§§§▓∆∆ ∆∆
._._._#§≈§≈▓▓▓
#######≈≈≈§▓
≈≈≈≈≈≈≈≈≈≈≈▓z
#####≈▓▓▓▓▓ ∆∆∆#▓ ∆


You could see a deep troll (ally target) and a friendly ufetubus (summoned).

Vanquished Creatures
  A kraken (D)
  An elephant (D)
  A merfolk siren (D)
  A yaktaur (D)
  A merfolk (shapeshifter) (D)
  A hornet (D)
  3 polar bears (D)
  2 wyverns (D)
  3 water moccasins (D)
  3 scorpions (D)
  3 worms (D)
  3 tentacles (D)
23 creatures vanquished.

Vanquished Creatures (collateral kills)
  2 scorpions (D)
2 creatures vanquished.

Vanquished Creatures (others)
  Menkaure (D)
  A water moccasin (D)
  A tentacle (D)
3 creatures vanquished.

Grand Total: 28 creatures vanquished

Notes
Turn   | Place    | Note
-------+----------+-------------------------------------------
     0 | D        | Hipnos the Gnoll Chaos Knight began the quest for the Orb.
     0 | D        | Reached XP level 1. HP: 23/23 MP: 1/1
     1 | D        | Noticed a merfolk siren
     7 | D        | XOM: potion effect (might)
    13 | D        | Killed a merfolk siren
    14 | D        | Reached skill level 5 in Dodging
    14 | D        | Reached skill level 5 in Invocations
    14 | D        | Reached XP level 2. HP: 32/32 MP: 1/7
    14 | D        | Reached XP level 3. HP: 37/37 MP: 1/9
    14 | D        | Reached XP level 4. HP: 44/44 MP: 1/10
    14 | D        | Reached XP level 5. HP: 49/49 MP: 1/12
    14 | D        | Reached XP level 6. HP: 56/56 MP: 1/13
   110 | D        | Reached skill level 5 in Short Blades
   110 | D        | Reached skill level 5 in Axes
   110 | D        | Reached skill level 5 in Maces & Flails
   110 | D        | Reached skill level 5 in Polearms
   110 | D        | Reached skill level 5 in Staves
   110 | D        | Reached skill level 5 in Ranged Weapons
   110 | D        | Reached skill level 5 in Throwing
   110 | D        | Reached skill level 5 in Stealth
   110 | D        | Reached skill level 5 in Shields
   110 | D        | Reached skill level 5 in Unarmed Combat
   110 | D        | Reached skill level 5 in Spellcasting
   110 | D        | Reached skill level 5 in Evocations
   114 | D        | XOM: summons 5 friendly demons
   117 | D        | Reached XP level 7. HP: 45/63 MP: 14/14
   288 | D        | XOM: stat loss: -1 Str (10/11)
   304 | D        | Noticed a wyvern
   304 | D        | Noticed a wyvern
   313 | D        | Killed a wyvern
   323 | D        | Killed a wyvern
   324 | D        | Reached skill level 5 in Conjurations
   324 | D        | Reached skill level 5 in Hexes
   324 | D        | Reached skill level 5 in Summonings
   324 | D        | Reached skill level 5 in Necromancy
   324 | D        | Reached skill level 5 in Translocations
   324 | D        | Reached skill level 5 in Transmutations
   324 | D        | Reached skill level 5 in Fire Magic
   324 | D        | Reached skill level 5 in Ice Magic
   324 | D        | Reached skill level 5 in Air Magic
   324 | D        | Reached skill level 5 in Earth Magic
   324 | D        | Reached skill level 5 in Poison Magic
   324 | D        | Reached XP level 8. HP: 56/71 MP: 15/17
   374 | D        | Killed Menkaure
   521 | D        | Found Qatou's Antique Armour Shop.
   521 | D        | Found Xeikenug's Distillery.
   521 | D        | Found Rissosm Kaych's Book Shop.
   521 | D        | Found Jural's General Store.
   521 | D        | Found Viysov's Magic Scroll Boutique.
   521 | D        | Found Icimeic's Jewellery Boutique.
   522 | D        | Found Jeawokit's Antique Armour Shop.
   522 | D        | Found Xokkeotz's Magic Scroll Boutique.
   522 | D        | Found Xalynn's Distillery.
   523 | D        | Found Teasiq's Jewellery Shop.
   523 | D        | Found Voczaum's Jewellery Boutique.
   523 | D        | Noticed a yak
   524 | D        | Noticed a yak
   527 | D        | Found Ymesm's Antique Weapon Shop.
   527 | D        | Noticed a yak
   527 | D        | Noticed an oklob plant
   528 | D        | Found Ylios's Jewellery Shop.
   528 | D        | Found Saixudob's Book Shoppe.
   528 | D        | Found Wuwuatuo's Antique Weapon Boutique.
   530 | D        | Noticed a great orb of eyes
   533 | D        | Bought a Trismegistus Codex for 308 gold pieces
   533 | D        | Bought a book of Frost for 242 gold pieces
   533 | D        | Bought a book of Geomancy for 198 gold pieces
   537 | D        | Learned a level 3 spell: Frozen Ramparts
   540 | D        | XOM: swap monsters
   541 | D        | XOM: give mutation
   541 | D        | Gained mutation: Armour fits poorly on your strangely
                  | shaped body. [Xom's mischief]
   563 | D        | Learned a level 3 spell: Ignite Poison
   567 | D        | Learned a level 3 spell: Mephitic Cloud
   571 | D        | Learned a level 3 spell: Stone Arrow
   574 | D        | Learned a level 2 spell: Passwall
   579 | D        | Learned a level 4 spell: Hailstorm
   582 | D        | Noticed a death yak
   800 | D        | XOM: give mutations
   800 | D        | Gained mutation: You occasionally lose the ability to read
                  | scrolls when taking damage. [Xom's mischief]
   800 | D        | Gained mutation: You are partially covered in iridescent
                  | scales. (AC +2) [Xom's mischief]
   800 | D        | Gained mutation: You have sharp toenails. [Xom's mischief]
   853 | D        | XOM: torment (36/71 hp)
   952 | D        | XOM: silly message
  1015 | D        | XOM: noise
  1053 | D        | Found a stormy altar of Qazlal.
  1053 | D        | Found an ornate altar of the Wu Jian Council.
  1053 | D        | Found a glowing golden altar of the Shining One.
  1054 | D        | Found a hazy altar of Hepliaklqana.
  1054 | D        | Found a sacrificial altar of Ru.
  1054 | D        | Found a shimmering altar of Xom.
  1055 | D        | Found a viscous altar of Jiyva.
  1055 | D        | Found a shimmering blue altar of Sif Muna.
  1056 | D        | Found a snail-covered altar of Cheibriados.
  1056 | D        | Found an ancient bone altar of Kikubaaqudgha.
  1056 | D        | Found a bloodstained altar of Trog.
  1057 | D        | Found a shadowy altar of Dithmenos.
  1057 | D        | Found a corrupted altar of Lugonu.
  1058 | D        | Found a white marble altar of Elyvilon.
  1058 | D        | Found a burning altar of Makhleb.
  1195 | D        | Found a blossoming altar of Fedhas.
  1283 | D        | Noticed a death drake
  1303 | D        | Found an opulent altar of Gozag.
  1303 | D        | Noticed a yaktaur
  1303 | D        | Noticed a hornet
  1303 | D        | Noticed a polar bear
  1303 | D        | Noticed a polar bear
  1307 | D        | XOM: enchant monster (good)
  1307 | D        | Noticed a polar bear
  1307 | D        | Killed a polar bear
  1311 | D        | Killed a yaktaur
  1312 | D        | Killed a hornet
  1313 | D        | Reached XP level 9. HP: 66/78 MP: 5/20
  1314 | D        | XOM: potion effect (might)
  1319 | D        | Killed a polar bear
  1320 | D        | Reached skill level 10 in Fighting
  1320 | D        | Reached skill level 10 in Long Blades
  1322 | D        | XOM: confusion (+ monsters)
  1328 | D        | Killed a polar bear
  1532 | D        | Learned a level 5 spell: Freezing Cloud
  1537 | D        | Noticed a kraken
  1542 | D        | Killed a kraken
  1716 | D        | Found a sparkling altar of Nemelex Xobeh.
  1716 | D        | Found a hide-covered altar of Uskayaw.
  1716 | D        | Found a basalt altar of Yredelemnul.
  1717 | D        | Found an iron altar of Okawaru.
  1717 | D        | Found a radiant altar of Vehumet.
  1717 | D        | Found a glowing silver altar of Zin.
  1721 | D        | Noticed a glowing shapeshifter
  1721 | D        | a water moccasin changed into a glowing shapeshifter
  1721 | D        | a glowing shapeshifter changed into a slime creature
  1732 | D        | Reached XP level 10. HP: 47/86 MP: 16/22
  1736 | D        | XOM: smoke on damage
  1740 | D        | Noticed a manticore
  1740 | D        | a snapping turtle changed into a manticore
  1741 | D        | Noticed a cyclops
  1741 | D        | a manticore changed into a cyclops
  1743 | D        | a cyclops changed into a merfolk
  1883 | D        | XOM: god gift: glowing great sword {god gift}
  1997 | D        | Noticed a deep troll
  2001 | D        | Noticed an elephant
  2001 | D        | a deep troll changed into an elephant
  2001 | D        | XOM: polymorph deep troll -> elephant
  2002 | D        | Noticed a deep troll
  2008 | D        | XOM: summons friendly ufetubus
  2008 | D        | Killed an elephant
  2009 | D        | Reached skill level 10 in Armour
  2009 | D        | HP: 1/87 [deep troll (5)]
  2010 | D        | Slain by a deep troll

Illustrated notes

Levels and vault maps discovered:
D:        the_violet_keep_of_menkaure [sprint2_stairs_cluster_1,
          sprint2_shoproom, sprint2_temple, sprint2_basic_supplies,
          sprint2_obstacle_5, sprint2_obstacle_6, sprint2_obstacle_4,
          sprint2_obstacle_1, sprint2_obstacle_7, sprint2_timed_cluster_1,
          sprint2_smallroom_cluster_1, sprint2_smallroom_final_cluster_1,
          sprint2_transparent_cluster_1, sprint2_second_timed_cluster_1,
          sprint2_sniper_area_1, sprint2_heavy_combat_area_1,
          sprint2_mutation_trap_area_1, sprint2_forest_area_1,
          sprint2_light_combat_area_1, sprint2_behind_water_1,
          sprint2_near_end_vault_1]

Skill      XL: |  1  2  3  4  5  6  7  8  9 10 |
---------------+-------------------------------+-----
Fighting       | 8 9 10 11 | 11.1
Short Blades   | 4 5 6 7 8 9 |  9.0
Long Blades    | 8 9 10 11 | 11.1
Axes           | 4 5 6 7 8 9 |  9.0
Maces & Flails | 4 5 6 7 8 9 |  9.0
Polearms       | 4 5 6 7 8 9 |  9.0
Staves         | 4 5 6 7 8 9 |  9.0
Ranged Weapons | 4 5 6 7 8 9 |  9.0
Throwing       | 4 5 6 7 8 9 |  9.0
Armour         | 6 7 8 9 10 | 10.1
Dodging        | 5 6 7 9 |  9.3
Stealth        | 4 5 6 7 8 9 |  9.0
Shields        | 4 5 6 7 8 9 |  9.0
Unarmed Combat | 4 5 6 7 8 9 |  9.0
Spellcasting   | 4 5 6 7 8 9 |  9.0
Conjurations   | 3 4 5 6 7 |  7.4
Hexes          | 3 4 5 6 7 |  7.4
Summonings     | 3 4 5 6 7 |  7.4
Necromancy     | 3 4 5 6 7 |  7.4
Translocations | 3 4 5 6 7 |  7.4
Transmutations | 3 4 5 6 7 |  7.4
Fire Magic     | 3 4 5 6 7 |  7.4
Ice Magic      | 3 4 5 6 7 |  7.4
Air Magic      | 3 4 5 6 7 |  7.4
Earth Magic    | 3 4 5 6 7 |  7.4
Poison Magic   | 3 4 5 6 7 |  7.4
Invocations    | 5 6 8 9 |  9.8
Evocations     | 4 5 6 7 8 9 |  9.0

Action                   |  1- 3 |  4- 6 |  7- 9 | 10-12 || total
-------------------------+-------+-------+-------+-------++-------
Melee: Falchion          |    10 |     5 |    69 |     6 ||    90
       Bite              |     2 |       |    10 |       ||    12
       Punch             |       |       |     3 |       ||     3
       Kick              |       |       |     8 |     3 ||    11
       Great sword       |       |       |       |     6 ||     6
 Cast: Ignite Poison     |       |       |     2 |       ||     2
       Frozen Ramparts   |       |       |     3 |     2 ||     5
       Hailstorm         |       |       |     2 |     1 ||     3
       Mephitic Cloud    |       |       |     1 |       ||     1
       Freezing Cloud    |       |       |     1 |       ||     1
       Stone Arrow       |       |       |       |     6 ||     6
Evoke: Piece from Xom's  |       |       |       |     2 ||     2
  Use: Potion            |       |       |     3 |     5 ||     8
       Scroll            |       |       |     1 |       ||     1
 Stab: Sleeping          |       |     1 |       |       ||     1
       Paralysed         |       |       |     2 |       ||     2
Armor: Leather armour    |       |     1 |    21 |     8 ||    30
Dodge: Dodged            |     2 |     4 |    51 |    10 ||    67

Table legend: (Time is in decaauts)
 A = Elapsed time spent in this place.
 B = Non-inter-level travel time spent in this place.
 C = Inter-level travel time spent in this place.
 D = Time resting spent in this place.
 E = Time spent auto-exploring this place.
 F = Levels seen in this place.
 G = Mean time per level.
                   A        B        C        D        E       F      G
               +--------+--------+--------+--------+--------+-----+--------+
         Total |   2043 |   2043 |      0 |   1512 |      0 |   1 | 2043.0 |
       Dungeon |   2043 |   2043 |      0 |   1512 |      0 |   1 | 2043.0 |
               +--------+--------+--------+--------+--------+-----+--------+

Top non-repeatable levels by time:
       D: 2043 daAuts
